AoeStats
← HOANG

Arabian Desert

509200109Analyzed
1v1 RM · 6d ago on Sep 25, 2026· 14m 11s· 2 players
Game mode
Random Map
Map size
Tiny (2 player)
Population
200
Speed
Normal
Resources
Standard
Victory
Conquest
Starting age
Dark Age
Ending age
Imperial Age
RankedLock teamsTeams togetherTeam positionsShared explorationLock speedFull tech treeHidden civsTurbo modeCheats
Victory
Defeat
🇲🇽 Armenians · Mexico
1910
+15
🇩🇪 Magyars · Germany
1881
-15
Private
4:50 Loom
6:01 Loom
6:22 Loom
9:18 Feudal Age
9:57 Double-Bit Axe
13:06 Horse Collar
HOANG
8:46 Feudal Age
8:51 Man-at-Arms
10:12 Long Swordsman
10:59 Loom
11:15 Arson
Connection lost

Rejoining the realm…

Still unreachable

The connection could not be restored.

Session expired

The server has moved on; the page needs a fresh start.